AoeStats
← nanakusa

MegaRandom

507629850Analyzed
4v4 RM · 14d ago on Sep 19, 2026· 33m 55s· 8 players
Game mode
Random Map
Map size
Large (8 player)
Population
200
Speed
Normal
Resources
Standard
Victory
Conquest
Starting age
Dark Age
Ending age
Imperial Age
RankedLock teamsTeams togetherTeam positionsShared explorationLock speedFull tech treeHidden civsTurbo modeCheats
Victory
Defeat
🇦🇷 Italians · Argentina
1765
+6
🇲🇽 Malay · Mexico
1633
+11
1527
+15
🇲🇽 Vikings · Mexico
1390
+19
🇹🇷 Tatars · Türkiye
1542
-14
🇯🇵 Georgians · Japan
1513
-13
🇦🇷 Lithuanians · Argentina
1506
-13
🇨🇱 Britons · Chile
1470
-11
VL Mano
0:32 Loom
10:47 Feudal Age
11:35 Double-Bit Axe
16:51 Horse Collar
18:05 Scale Barding Armor
19:44 Forging
28:56 Castle Age
28:36 Bloodlines
30:45 Iron Casting
31:12 Husbandry
32:46 Chain Barding Armor
AiM | Ivancio
0:35 Loom
9:30 Feudal Age
13:38 Fletching
23:07 Castle Age
23:14 Crossbowman
23:51 Bodkin Arrow
25:22 Padded Archer Armor
27:09 Double-Bit Axe
34:07 Ballistics
nanakusa
0:32 Loom
9:34 Feudal Age
10:10 Double-Bit Axe
11:13 Horse Collar
15:04 Wheelbarrow
16:43 Forging
17:08 Bloodlines
17:44 Scale Barding Armor
23:21 Castle Age
24:49 Heavy Plow
26:53 Fletching
MinorCloud9519
0:39 Loom
10:17 Feudal Age
11:06 Double-Bit Axe
15:09 Fletching
15:09 Town Watch
16:42 Padded Archer Armor
18:37 Wheelbarrow
23:02 Castle Age
24:03 Bodkin Arrow
23:49 Crossbowman
27:22 Leather Archer Armor
28:11 Ballistics
32:00 Bloodlines
VL Carlos Manzo
0:35 Loom
9:34 Feudal Age
9:51 Double-Bit Axe
13:59 Fletching
21:48 Wheelbarrow
26:19 Castle Age
24:43 Gold Mining
25:19 Crossbowman
26:26 Bodkin Arrow
28:58 Ballistics
29:42 Padded Archer Armor
30:30 Bow Saw
VL Ferdinand
0:32 Loom
10:04 Feudal Age
11:16 Double-Bit Axe
13:13 Horse Collar
15:03 Scale Barding Armor
20:26 Forging
24:32 Castle Age
26:24 Fletching
30:11 Gold Mining
VL La Parca (Red Paladin)
0:42 Loom
9:51 Feudal Age
10:31 Double-Bit Axe
14:33 Gold Mining
16:16 Wheelbarrow
19:55 Castle Age
17:44 Horse Collar
19:57 Forging
20:14 Bloodlines
20:02 Light Cavalry
21:27 Husbandry
28:10 Scale Barding Armor
29:34 Chain Barding Armor
VL Nahue05
0:33 Loom
8:37 Feudal Age
10:04 Double-Bit Axe
16:56 Scale Barding Armor
17:03 Bloodlines
17:13 Horse Collar
20:43 Forging
26:23 Castle Age
26:26 Gold Mining
26:49 Light Cavalry
27:42 Bow Saw
27:46 Husbandry
28:45 Chain Barding Armor
31:06 Wheelbarrow
32:07 Town Watch
Connection lost

Rejoining the realm…

Still unreachable

The connection could not be restored.

Session expired

The server has moved on; the page needs a fresh start.